Map: Alcyone LE

Players

A.I. 1 (Elite)

  • Race: Zerg Zerg
  • Spawn Location: 1:00

turt - Winner!

  • Race: Terran Terran
  • League: Diamond
  • Spawn Location: 7:00

VOD

Have the link to the VOD?

Description

Time

  • Played on: Dec. 30, 2023, 12:57 a.m.
  • Length: 9:51
Show
View Real Time Build Order
Export as new Build Order

A.I. 1 (Elite) Zerg 

Build Orders: Pool First 

Get SALT Encoding   

  12  0:00  Drone  
  13  0:13  Overlord  
  13  0:16  Drone  
  14  0:31  Drone x2  
  16  0:43  Spawning Pool  
  16  0:45  Drone  
  16  0:49  Drone  
  17  1:12  Hatchery  
  17  1:14  Drone  
  17  1:17  Extractor  
  16  1:19  Drone  
  16  1:24  Drone  
  18  1:28  Drone  
  19  1:38  Overlord  
  19  1:49  Drone, Queen  
  22  2:00  Zergling x2  
  23  2:11  Drone  
  24  2:21  Drone  
  25  2:24  Roach Warren  
  25  2:25  Queen  
  25  2:27  Drone  
  27  2:32  Extractor  
  27  2:36  Drone  
  27  2:43  Overlord  
  27  2:47  Drone  
  27  2:49  Drone  
  29  2:54  Drone  
  29  2:56  Drone  
  31  3:04  Drone  
  32  3:07  Zergling x2  
  32  3:10  Zergling x2, Roach  
  32  3:12  Roach  
  38  3:17  Roach  
  40  3:25  Lair  
  39  3:34  Spore Crawler  
  38  3:36  Spore Crawler  
  37  3:42  Queen  
  37  3:45  Drone  
  37  3:47  Drone  
  41  3:50  Zergling x2  
  42  4:05  Overlord  
  42  4:09  Metabolic Boost  
  42  4:23  Drone x6, Roach  
  50  4:24  Drone  
  50  4:29  Overseer, Overlord  
  51  4:39  Overlord  
  51  4:47  Drone  
  51  4:48  Drone x2  
  51  4:49  Evolution Chamber  
  51  4:50  Drone  
  51  4:51  Drone, Evolution Chamber  
  54  4:53  Drone  
  54  4:55  Drone  
  54  5:02  Roach  
  54  5:05  Roach  
  57  5:13  Infestation Pit  
  56  5:15  Drone  
  56  5:17  Drone  
  56  5:18  Drone  
  56  5:20  Drone  
  55  5:22  Drone  
  55  5:24  Drone, Hydralisk Den  
  55  5:26  Drone  
  54  5:28  Drone  
  54  5:30  Extractor, Drone  
  54  5:32  Drone  
  54  5:34  Drone  
  57  5:36  Drone  
  57  5:39  Drone  
  57  5:42  Overlord  
  59  5:44  Drone  
  59  5:46  Drone  
  61  5:50  Drone  
  61  5:56  Drone  
  57  6:00  Drone  
  57  6:01  Hydralisk  
  57  6:02  Drone x2  
  58  6:07  Hydralisk  
  55  6:11  Drone  
  51  6:18  Drone  
  51  6:22  Drone  
  52  6:29  Infestor  
  52  6:30  Extractor, Drone x2  
  52  6:31  Roach  
  55  6:33  Roach  
  55  6:38  Spawning Pool  
  54  6:41  Overlord  
  54  6:57  Extractor  
  54  6:58  Hydralisk  
  54  6:59  Drone, Roach, Overlord  
  54  7:00  Hydralisk  
  56  7:09  Overlord  
  54  7:24  Overlord  
  54  7:27  Roach  
  52  7:31  Roach  
  52  7:33  Overlord  
  52  7:40  Overlord  
  52  7:42  Overlord  
  52  7:45  Overlord  
  50  8:01  Overlord  
  50  8:16  Overlord  
  50  8:22  Overlord  
  50  8:25  Overlord  
  46  8:35  Overlord  
  43  8:43  Queen  
  38  8:57  Hatchery  
  38  8:58  Roach Warren  
  36  9:04  Drone  
  36  9:06  Extractor  
  36  9:07  Drone  
  34  9:25  Roach Warren  
  34  9:28  Overlord  
Show
View Real Time Build Order
Export as new Build Order

turt Terran - Winner!

Build Orders: 1/1/1 

Get SALT Encoding   

  12  0:00  SCV  
  13  0:12  SCV  
  14  0:17  Supply Depot  
  14  0:24  SCV  
  15  0:33  Refinery  
  15  0:38  SCV  
  16  0:44  Barracks  
  16  0:50  SCV  
  17  0:57  Refinery  
  17  1:02  SCV  
  18  1:14  SCV  
  19  1:31  Orbital Command  
  19  1:32  Factory, Marine  
  20  1:42  Supply Depot  
  20  1:59  SCV  
  20  2:00  Barracks Reactor  
  21  2:11  SCV  
  22  2:19  Starport  
  22  2:26  SCV  
  25  2:32  Hellion  
  25  2:38  SCV  
  26  2:50  SCV  
  27  2:55  Fusion Core  
  27  2:56  Starport Tech Lab  
  27  3:01  Supply Depot  
  27  3:03  SCV  
  28  3:15  SCV  
  29  3:21  Supply Depot  
  29  3:27  SCV  
  30  3:39  SCV  
  31  3:43  Battlecruiser  
  31  3:45  Command Center  
  37  3:50  Supply Depot  
  37  3:53  SCV  
  38  3:58  Weapon Refit  
  38  4:05  Supply Depot, SCV  
  39  4:17  SCV  
  40  4:29  SCV  
  41  4:42  SCV  
  42  4:46  Supply Depot  
  42  4:47  Battlecruiser  
  48  5:06  SCV  
  49  5:08  Starport  
  49  5:18  SCV  
  50  5:28  Orbital Command  
  50  5:30  SCV  
  50  5:31  Refinery x2  
  51  5:42  SCV  
  52  5:51  Starport Tech Lab  
  52  5:54  SCV  
  52  5:55  SCV  
  54  6:02  Battlecruiser  
  60  6:06  SCV  
  60  6:07  SCV  
  62  6:13  Command Center  
  62  6:18  SCV  
  62  6:19  SCV  
  62  6:25  Command Center  
  64  6:28  Supply Depot x2  
  64  6:30  SCV, Supply Depot  
  64  6:31  SCV  
  66  6:39  Battlecruiser  
  72  6:42  SCV  
  73  6:49  SCV  
  75  7:06  SCV  
  76  7:15  Battlecruiser  
  82  7:16  SCV  
  82  7:18  SCV  
  82  7:19  Armory  
  82  7:21  Armory  
  83  7:27  Command Center  
  83  7:30  SCV x2  
  85  7:40  Refinery  
  85  7:42  SCV x2  
  85  7:44  Refinery  
  87  7:51  Battlecruiser  
  93  7:54  SCV  
  93  7:55  SCV  
  93  7:56  Engineering Bay  
  96  7:59  Orbital Command  
  96  8:00  Starport, Refinery x2  
  95  8:06  SCV  
  95  8:07  SCV  
  97  8:18  SCV  
  97  8:19  SCV  
  99  8:26  Orbital Command  
  99  8:31  SCV x2  
  101  8:34  SCV  
  101  8:37  Battlecruiser  
  101  8:38  Starport Tech Lab  
  108  8:43  SCV x2  
  108  8:47  SCV  
  111  8:55  SCV x2  
  112  9:02  SCV  
  120  9:03  Command Center  
  120  9:07  SCV  
  121  9:11  SCV  
  121  9:14  SCV  
  129  9:23  SCV, Starport  
  129  9:24  SCV  
  131  9:25  Starport  
  131  9:34  SCV  
  131  9:35  SCV  
  131  9:36  SCV  
  131  9:37  Starport  
Tags
 
League
Diamond
Matchup
TvZ
Spawn Locations
Cross Positions
Add a new tag
Caveats
  • Supply blocks, unpowered buildings, or Contaminate may cause inaccurate times.
  • Supply counts are checked every 10 seconds.